 Dungeon Crawl Stone Soup version 0.19.1 (webtiles) character file.

105 nikopol the Skirmisher (level 4, -1/43 HPs)
             Began as a Gargoyle Berserker on Dec 18, 2016.
             Was a Believer of Trog.
             Slain by a phantom (5 damage)
             ... on level 3 of the Dungeon.
             The game lasted 00:05:15 (2977 turns).

nikopol the Skirmisher (Gargoyle Berserker)         Turns: 2977, Time: 00:05:16

Health: -1/43      AC:  5    Str: 25    XL:     4   Next: 83%
Magic:  4/4        EV: 12    Int:  8    God:    Trog [**....]
Gold:   117        SH:  0    Dex: 10    Spells: 0 memorised, 3 levels left

rFire  . . .     SeeInvis .     d - +0 hand axe (drain)
rCold  . . .     Gourm    .     b - +0 animal skin
rNeg   + . .     Faith    .     (no shield)
rPois  ∞         Spirit   .     (no helmet)
rElec  +         Reflect  .     (no cloak)
rCorr  .         Harm     .     (no gloves)
MR     .....                    (no boots)
Stlth  ..........               q - amulet of magic regeneration
                                (no ring)
                                g - ring of loudness (curse)

@: berserking, very quick
A: negative energy resistance 1, electricity resistance, unbreathing,
petrification resistance, rot immunity, AC +3
a: Berserk, Trog's Hand, Burn Spellbooks, Renounce Religion


You were on level 3 of the Dungeon.
You worshipped Trog.
Trog was pleased with you.
You were very hungry.

You visited 1 branch of the dungeon, and saw 3 of its levels.

You collected 117 gold pieces.

Inventory:

Hand Weapons
 a - a +0 hand axe
 d - a +0 hand axe of draining (weapon)
Missiles
 o - 68 arrows
Armour
 b - a +0 animal skin (worn)
Jewellery
 g - a cursed ring of loudness (left hand)
 q - an amulet of magic regeneration (around neck)
 w - an uncursed ring of resist corrosion {unknown}
 x - an uncursed ring of positive energy {unknown}
 z - a +1 ring of evasion {unknown}
Scrolls
 e - 2 scrolls of remove curse {unknown}
 f - 5 scrolls of identify {unknown}
 h - a scroll of magic mapping {unknown}
 k - 2 scrolls of immolation {unknown}
 n - a scroll of recharging {unknown}
 r - a scroll of noise {unknown}
 s - a scroll of fog {unknown}
 v - 2 scrolls of enchant armour {unknown}
 y - a scroll of amnesia {unknown}
 A - a scroll of teleportation {unknown}
 B - a scroll of enchant weapon {unknown}
Potions
 j - a potion of lignification {unknown}
 l - a potion of flight {unknown}
 m - a potion of might {unknown}
 p - a potion of brilliance {unknown}
 u - a potion of curing {unknown}
Comestibles
 c - 4 bread rations
 i - a beef jerky
 t - a meat ration


   Skills:
 + Level 4.0 Fighting
 + Level 3.3 Axes
 + Level 3.1 Armour
 + Level 2.5 Dodging


You had 3 spell levels left.
You didn't know any spells.

Dungeon Overview and Level Annotations

Branches:
Dungeon (3/15)

Altars:


Innate Abilities, Weirdness & Mutations

You are resistant to torment.
Your stone body is resilient. (AC +3)
You are immune to poison.
You resist negative energy. (rN+)
You are resistant to electric shocks. (rElec)
You can survive without breathing.
You are immune to petrification.
You are immune to rotting.


Message History

You hit the phantom but do no damage.
The phantom is lightly damaged.
The phantom hits you!
The phantom blinks!
You hit the phantom but do no damage.
The phantom is lightly damaged.
The phantom hits you.
The phantom blinks!
The phantom hits you!
You hit the phantom but do no damage.
The phantom hits you but does no damage.
You hit the phantom.
The phantom is lightly damaged.
The phantom hits you.
* * * LOW HITPOINT WARNING * * *
You are too injured to fight recklessly!
You are too injured to fight recklessly!
A red film seems to cover your vision as you go berserk!
You feel yourself moving faster!
You feel mighty!
You are feeling very hungry.
The phantom hits you.
You die...

########### #.........#
#......(..# #......W..########
#.....@..........#
#................# #
#................# ####
#########........# #...
#........# #... #........# #...
#......))# #...
###################......))######
.........^.................'.....


You could see a phantom.

Vanquished Creatures
  An adder (D:3)
  3 oozes
  3 worms
  3 leopard geckos
  8 orcs (D:3)
  3 giant cockroaches (D:3)
  11 goblins
  7 hobgoblins
  2 jackals (D:2)
  5 kobolds
  6 bats
  2 frilled lizards
  7 rats
61 creatures vanquished.

Notes
Turn   | Place    | Note
-------+----------+-------------------------------------------
     0 | D:1      | nikopol the Gargoyle Berserker began the quest for the Orb.
     0 | D:1      | Reached XP level 1. HP: 14/14 MP: 1/1
   334 | D:1      | Reached XP level 2. HP: 19/19 MP: 2/2
   778 | D:1      | Reached XP level 3. HP: 23/23 MP: 3/3
  1685 | D:2      | Reached ** piety under Trog
  2198 | D:3      | Reached XP level 4. HP: 29/29 MP: 4/4
  2415 | D:3      | Reached skill level 4 in Fighting
  2966 | D:3      | Noticed a phantom
  2977 | D:3      | Slain by a phantom

Skill      XL: |  1  2  3  4 |
---------------+-------------+-----
Dodging        | 2 |  2.5
Axes           | 3 |  3.3
Armour         | 3 |  3.1
Fighting       | 4 |  4.0

Action                   |  1- 3 |  4- 6 || total
-------------------------+-------+-------++-------
Melee: Hand axe          |    88 |    57 ||   145
Invok: Berserk           |       |     1 ||     1
  Eat: Chunk             |     3 |     3 ||     6
Armor: Animal skin       |    24 |    17 ||    41
Dodge: Dodged            |    59 |    31 ||    90
